 Dungeon Crawl Stone Soup version 0.28-a0-1374-ga75cb3825e (webtiles) character file.

Game seed: 12038033947056383827

5339 funkygono the Thaumaturge (level 10, -3/50 HPs)
             Began as a Deep Elf Fire Elementalist on Dec 31, 2021.
             Was a Follower of Vehumet.
             Slain by a yak (7 damage)
             ... on level 9 of the Dungeon.
             The game lasted 00:15:50 (10046 turns).

funkygono the Thaumaturge (DEFE)                   Turns: 10046, Time: 00:15:51

Health: -3/50      AC:  7    Str:  5    XL:     10   Next: 38%
Magic:  7/28       EV: 13    Int: 31    God:    Vehumet [*.....]
Gold:   447        SH:  0    Dex: 15    Spells: 21/34 levels left

rFire   . . .      SeeInvis .   b - +1 dagger (holy)
rCold   . . .      Faith    .   (no shield)
rNeg    . . .      Spirit   .   a - +0 robe
rPois   .          Reflect  .   p - +1 helmet
rElec   .          Harm     .   t - +1 cloak
rCorr   .          Rampage  .   (no gloves)
Will    +....                   y - +0 pair of boots
Stlth   ++........              (no amulet)
HPRegen 0.16/turn               B - +6 ring of intelligence
MPRegen 0.21/turn               (no ring)

@: no status effects
A: no striking features
a: Renounce Religion


You were on level 9 of the Dungeon.
You worshipped Vehumet.
Vehumet was aware of your devotion.
You visited 2 branches of the dungeon, and saw 10 of its levels.

You collected 537 gold pieces.
You spent 90 gold pieces at shops.

Inventory:

Hand Weapons
 b - a +1 dagger of holy wrath (weapon)
 c - a +0 vorpal dagger
 e - a +0 short sword of draining
 s - a +3 quarterstaff of chaos
Missiles
 d - 192 stones
Armour
 a - a +0 robe (worn)
 p - a +1 helmet (worn)
 r - a +1 scale mail of willpower
 t - a +1 cloak (worn)
 x - a +2 kite shield
 y - a +0 pair of boots (worn)
 z - a scarf of resistance
Magical Staves
 C - a staff of fire
Jewellery
 B - a +6 ring of intelligence (left hand)
Wands
 v - a wand of flame (13)
 A - a wand of paralysis (12)
 F - a wand of acid (7)
 G - a wand of iceblast (8)
 H - a wand of digging (5)
Scrolls
 i - 2 scrolls of immolation
 q - a scroll of amnesia
 u - 3 scrolls of fear
 I - a scroll of teleportation
Potions
 f - a potion of heal wounds
 g - 2 potions of ambrosia
 h - a potion of brilliance {unknown}
 j - 2 potions of invisibility
 k - a potion of cancellation {unknown}
 l - 2 potions of curing
 m - a potion of degeneration {unknown}
 n - 4 potions of mutation {unknown}
 o - 2 potions of lignification {unknown}
 w - a potion of might
 D - a potion of resistance {unknown}
 E - a potion of magic {unknown}


   Skills:
 + Level 0.1 Fighting
 + Level 3.3 Dodging
 - Level 2.4 Stealth
 * Level 12.8 Spellcasting
 * Level 6.4 Conjurations
 * Level 10.8 Fire Magic
 * Level 4.8 Earth Magic


You had 21 spell levels left.
You knew the following spells:

 Your Spells              Type           Power      Damage    Failure   Level
a - Foxfire               Conj/Fire      100%       2x1d9     1%          1
b - Scorch                Fire           100%       2d10      1%          2
c - Conjure Flame         Conj/Fire      65%        6-21      1%          3
d - Flame Wave            Conj/Fire      65%        2d10      1%          4
e - Stone Arrow           Conj/Erth      100%       3d13      1%          3

Your spell library contained the following spells:

 Spells                   Type           Power      Damage    Failure   Level
 Sandblast                Erth           100%       2d20      1%          1
 Ignite Poison            Fire/Tmut/Pois 42%        N/A       1%          3
 Inner Flame              Hex/Fire       52%        N/A       1%          3
 Animate Skeleton         Necr           38%        N/A       2%          1
 Pain                     Necr           76%        1d7       2%          1
 Sublimation of Blood     Necr           19%        N/A       3%          2
 Wereblood                Tmut           19%        N/A       3%          2
 Mephitic Cloud           Conj/Pois/Air  33%        N/A       3%          3
 Vampiric Draining        Necr           19%        2d7       8%          3
 Animate Armour           Summ/Erth      70%        N/A       9%          4
 Borgnjor's Vile Clutch   Necr/Erth      17%        N/A       26%         5
 Freezing Cloud           Conj/Ice/Air   16%        6-21      28%         5
 Alistair's Intoxication  Tmut/Pois      12%        N/A       56%         5
 Eringya's Noxious Bog    Tmut/Pois      9%         N/A       98%         6
 Summon Hydra             Summ           9%         N/A       100%        7
 Lehudib's Crystal Spear  Conj/Erth      26%        10d7      100%        8


Dungeon Overview and Level Annotations

Branches:
Dungeon (9/15)             Temple (1/1) D:7            Lair (0/6) D:8
    Orc: D:9-12

Altars:
Ashenzari
Cheibriados
Dithmenos
Fedhas
Gozag
Hepliaklqana
Kikubaaqudgha
Nemelex Xobeh
Okawaru
Qazlal
Ru
Sif Muna
Trog
Uskayaw
Vehumet
Xom
Yredelemnul
Zin
The Shining One

Shops:
D:8 ?

Annotations:
D:9 2 runed translucent doors, TheNamelessOne's ghost, novice OpWn


Message History

A wave of flame ripples out!
The flame wave engulfs the yak.
The yak is moderately wounded.
The flame wave engulfs the yak!
The yak is severely wounded.
The flame wave engulfs the yak.
The yak is almost dead.
You finish channelling waves of flame.
The yak gores you! The yak completely misses you. The yak closely misses you.
Casting: Flame Wave (dangerous; 1% risk of failure)
Confirm with . or Enter, or press ? or * to list all spells.
Casting: Flame Wave (dangerous; 1% risk of failure)
Press: ? - help, Dir - look around, f - activate A wave of flame ripples out!
The flame wave engulfs the yak!
The yak is heavily wounded.
The flame wave engulfs the yak.
The yak is almost dead.
The flame wave engulfs the yak!
You kill the yak!
Vehumet accepts your kill.
You can now gain magical power from killing.
Vehumet offers you knowledge of Sandblast. (Press . to intensify the flame waves.)
The yak barely misses you. The yak closely misses you.
A wave of flame ripples out!
The flame wave engulfs the yak!
The yak is severely wounded.
The flame wave engulfs the yak.
The yak is almost dead.
The yak gores you. The yak misses you.
Unknown command.
A wave of flame ripples out!
The flame wave engulfs the yak!
The yak is almost dead.
The flame wave engulfs the yak.
You kill the yak!
Vehumet accepts your kill.
You finish channelling waves of flame.
The yak gores you!
* * * LOW HITPOINT WARNING * * *
Casting: Flame Wave (dangerous; 1% risk of failure)
Confirm with . or Enter, or press ? or * to list all spells.
You conjure some foxfire!
The yak gores you!
You die...

##...## #......
##'## #......
#.# #...... #.#
#.#...# ##.##
..#####
####...#######.
#..............
#.##v..........
# ##v@#########
#.Y†# .l..W#
#........#
.#.R#
..##.##..#B #.
○+ #. ...#WoR
.○ + #
##..#.!.# °.
#..#..#.#
#..#... .
#..#####


You could see a yak (ally target).

Vanquished Creatures
  A two-headed ogre (D:6)
  A hornet (D:8)
  A troll (D:8)
  Grinder (D:6)
  5 yaks (D:9)
  4 water moccasins
  3 orc warriors
  2 sky beasts (D:6)
  4 necrophages
  An ogre (D:6)
  3 centaurs
  A kobold brigand (D:9)
  A bullfrog (D:8)
  A wyvern zombie (D:7)
  3 scorpions
  9 wights
  3 centaur zombies
  2 electric eels (D:6)
  2 jellies
  Crazy Yiuf (D:4)
  6 orc priests
  2 bullfrog skeletons
  3 iguanas
  Natasha (thrice) (D:3)
  9 orc wizards
  A scorpion zombie (D:5)
  A hound zombie (D:5)
  A hound skeleton (D:4)
  Robin (D:3)
  2 howler monkey skeletons
  7 adders
  An ufetubus (D:6)
  3 worms
  4 dart slugs
  28 orcs
  4 ball pythons
  7 endoplasms
  2 giant cockroaches
  14 goblins
  5 hobgoblins
  8 quokkas
  4 bats (D:1)
  6 frilled lizards
  11 kobolds
  A quokka skeleton (D:4)
  6 rats
189 creatures vanquished.

Vanquished Creatures (others)
  728 foxfires
728 creatures vanquished.

Grand Total: 917 creatures vanquished

Notes
Turn   | Place    | Note
-------+----------+-------------------------------------------
     0 | D:1      | funkygono the Deep Elf Fire Elementalist began the quest
                  | for the Orb.
     0 | D:1      | Reached XP level 1. HP: 10/10 MP: 6/6
   454 | D:1      | Reached XP level 2. HP: 15/15 MP: 4/8
   457 | D:1      | Learned a level 2 spell: Scorch
   563 | D:1      | Found a faded altar of an unknown god.
  1073 | D:2      | Reached XP level 3. HP: 19/19 MP: 7/10
  1077 | D:2      | Learned a level 3 spell: Conjure Flame
  1297 | D:2      | Reached skill level 4 in Spellcasting
  1970 | D:3      | Reached XP level 4. HP: 24/24 MP: 4/12
  2049 | D:3      | Found a hide-covered altar of Uskayaw.
  2056 | D:3      | Noticed Natasha
  2114 | D:3      | Killed Natasha
  2196 | D:3      | Noticed Natasha
  2201 | D:3      | Killed Natasha
  2251 | D:3      | Noticed Natasha
  2256 | D:3      | Killed Natasha
  2257 | D:3      | Reached skill level 5 in Spellcasting
  2257 | D:3      | Reached XP level 5. HP: 28/28 MP: 8/14
  2257 | D:3      | Noticed Robin
  2260 | D:3      | Killed Robin
  2276 | D:3      | Reached skill level 5 in Fire Magic
  2577 | D:3      | Found a glowing silver altar of Zin.
  2714 | D:3      | Learned a level 4 spell: Flame Wave
  2791 | D:4      | Reached XP level 6. HP: 21/32 MP: 6/16
  2918 | D:4      | Reached skill level 6 in Spellcasting
  3026 | D:4      | Found a sacrificial altar of Ru.
  3026 | D:4      | Found a faded altar of an unknown god.
  3172 | D:4      | Found an iron altar of Okawaru.
  3174 | D:4      | Found a faded altar of an unknown god.
  3175 | D:4      | Found a bloodstained altar of Trog.
  3211 | D:4      | Found a runed translucent door.
  3212 | D:4      | Noticed Crazy Yiuf
  3224 | D:4      | Killed Crazy Yiuf
  3813 | D:4      | Reached XP level 7. HP: 36/36 MP: 14/18
  4036 | D:4      | Learned a level 3 spell: Stone Arrow
  4067 | D:5      | Entered Level 5 of the Dungeon
  4214 | D:5      | Reached skill level 7 in Spellcasting
  4353 | D:5      | Reached skill level 1 in Earth Magic
  4755 | D:5      | Reached XP level 8. HP: 41/41 MP: 13/21
  4915 | D:5      | Reached skill level 8 in Spellcasting
  5266 | D:6      | Reached skill level 5 in Conjurations
  5529 | D:6      | Reached skill level 9 in Spellcasting
  5866 | D:6      | Noticed Grinder
  5879 | D:6      | Killed Grinder
  5999 | D:6      | You fall into a shaft and drop 2 floors!
  6015 | D:8      | Noticed a troll
  6028 | D:8      | Killed a troll
  6029 | D:8      | Reached XP level 9. HP: 6/45 MP: 13/24
  6321 | D:8      | Reached skill level 10 in Spellcasting
  6391 | D:8      | Found a staircase to the Lair.
  6906 | D:8      | Found Efofam's Magic Scroll Shop.
  6917 | D:8      | Bought a scroll of enchant armour for 90 gold pieces
  7390 | D:7      | Found a staircase to the Ecumenical Temple.
  7435 | Temple   | Entered the Ecumenical Temple
  7496 | Temple   | Became a worshipper of Vehumet
  7817 | D:7      | Reached skill level 11 in Spellcasting
  8619 | D:6      | Noticed a two-headed ogre
  8623 | D:6      | Killed a two-headed ogre
  8624 | D:6      | Reached skill level 10 in Fire Magic
  8628 | D:6      | Reached skill level 12 in Spellcasting
  8628 | D:6      | Reached XP level 10. HP: 29/50 MP: 10/28
 10024 | D:9      | Found a runed translucent gate.
 10024 | D:9      | Found a runed translucent gate.
 10024 | D:9      | Noticed TheNamelessOne's ghost (novice OpWn)
 10027 | D:9      | Noticed a two-headed ogre
 10028 | D:9      | Noticed a boulder beetle
 10043 | D:9      | Reached * piety under Vehumet
 10043 | D:9      | Offered knowledge of Sandblast by Vehumet.
 10046 | D:9      | Slain by a yak

Illustrated notes

Levels and vault maps discovered:
D:1:      minmay_arrival_three_doors, layout_basic,
          hellmonk_ecumenical_altar_blasted, supply_closet_lemuel
D:2:      layout_loops_ring
D:3:      layout_rooms, eat_drink_and_be_merry_uskayaw, zin_statuary,
          uniq_natasha, uniq_robin
D:4:      layout_layer_cave, chequers_temple_overflow_minitemple,
          uniq_crazy_yiuf_cottage
D:5:      layout_rooms
D:6:      minmay_diamond_boxcup, layout_loops_ring, water_maze_lemuel,
          uniq_grinder
D:7:      layout_loops_ring, temple_pool_b
D:8:      layout_rooms, lair_entry_dummy, serial_shops, nicolae_lakefront_shop
D:9:      layout_loops_corners, lightli_temple_of_fire, gammafunk_ghost_split,
          uniq_gastronok
Temple:   eino_temple_water

Skill      XL: |  1  2  3  4  5  6  7  8  9 10 |
---------------+-------------------------------+-----
Fire Magic     | 4 5 6 7 8 10 | 10.8
Spellcasting   | 4 5 6 7 9 12 | 12.8
Conjurations   | 2 3 4 5 6 |  6.4
Earth Magic    | 1 3 4 |  4.8
Dodging        | 3 |  3.3
Fighting       | |  0.1
Stealth        | |  2.4

Action                   |  1- 3 |  4- 6 |  7- 9 | 10-12 || total
-------------------------+-------+-------+-------+-------++-------
Melee: Dagger            |       |       |     2 |       ||     2
 Cast: Foxfire           |    72 |   108 |   201 |    52 ||   433
       Scorch            |    10 |    10 |    53 |     7 ||    80
       Flame Wave        |       |       |     2 |     3 ||     5
  Use: Scroll            |     4 |     1 |     7 |     2 ||    14
       Potion            |       |       |     1 |       ||     1
Armor: Robe              |     1 |     3 |     8 |     6 ||    18
Dodge: Dodged            |     6 |     7 |    56 |    17 ||    86

Table legend: (Time is in decaauts)
 A = Elapsed time spent in this place.
 B = Non-inter-level travel time spent in this place.
 C = Inter-level travel time spent in this place.
 D = Time resting spent in this place.
 E = Time spent auto-exploring this place.
 F = Levels seen in this place.
 G = Mean time per level.
                   A        B        C        D        E       F      G
               +--------+--------+--------+--------+--------+-----+--------+
         Total |  10053 |   9837 |    216 |    353 |   8082 |  10 | 1005.3 |
       Dungeon |   9839 |   9640 |    199 |    353 |   7904 |   9 | 1093.2 |
        Temple |    214 |    198 |     16 |      0 |    178 |   1 |  214.0 |
               +--------+--------+--------+--------+--------+-----+--------+

Top non-repeatable levels by time:
     D:6: 1996 daAuts
     D:4: 1345 daAuts
     D:8: 1308 daAuts
     D:7: 1068 daAuts
     D:2: 1019 daAuts
     D:5: 971 daAuts
     D:1: 854 daAuts
     D:3: 845 daAuts
     D:9: 429 daAuts
  Temple: 214 daAuts
